 Dungeon Crawl Stone Soup version 0.19-a0-1021-g80cc50c (webtiles) character file.

519 poirepourri the Thaumaturge (level 7, -4/36 HPs)
             Began as a Deep Elf Conjurer on July 27, 2016.
             Slain by an ogre
             ... wielding a +0 giant club
              (7 damage)
             ... on level 4 of the Dungeon.
             The game lasted 00:06:33 (4141 turns).

poirepourri the Thaumaturge (Deep Elf Conjurer)     Turns: 4141, Time: 00:06:34

Health: -4/36      AC:  4    Str:  5    XL:     7   Next: 1%
Magic:  10/20      EV: 13    Int: 22    God:
Gold:   136        SH:  0    Dex: 15    Spells: 6 memorised, 3 levels left

rFire  . . .     SeeInvis .     m - +1 short sword
rCold  . . .     Gourm    .     j - +1 robe {Archmagi}
rNeg   . . .     Faith    .     (no shield)
rPois  .         Spirit   .     (no helmet)
rElec  .         Dismiss  .     (no cloak)
rCorr  .         Reflect  .     n - +0 pair of gloves
SustAt .         Harm     .     (no boots)
MR     .....                    (no amulet)
Stlth  ++........               (no ring)
                                (no ring)

@: not resistant to hostile enchantments, unstealthy
A: no striking features
a: no special abilities


You were on level 4 of the Dungeon.
You were not hungry.

You visited 1 branch of the dungeon, and saw 5 of its levels.

You collected 136 gold pieces.

Inventory:

Hand Weapons
 m - a +1 short sword (weapon)
Armour
 j - a +1 robe of the Archmagi (worn)
 n - a +0 pair of gloves (worn)
Jewellery
 s - a +3 ring of intelligence {unknown}
Wands
 d - a wand of digging (20/24)
 r - a wand of slowing (14/48)
 t - a wand of slowing (15/48)
 y - a wand of paralysis (9/24)
Scrolls
 c - 2 scrolls of recharging
 f - a scroll of enchant weapon
 g - 3 scrolls of magic mapping
 k - a scroll of identify
 v - a scroll of remove curse {unknown}
 x - a scroll of amnesia {unknown}
Potions
 a - 2 potions of lignification
 e - 2 potions of flight
 h - 6 potions of curing
 i - 2 potions of cancellation
 u - 2 potions of heal wounds
 w - a potion of haste {unknown}
Books
 b - a book of Conjurations

   Spells                             Type                      Level
   a - Magic Dart                     Conjuration                  1
   b - Searing Ray                    Conjuration                  2
   c - Dazzling Spray                 Conjuration/Hexes            3
   d - Fulminant Prism                Conjuration/Hexes            4
   e - Iskenderun's Mystic Blast      Conjuration                  4
   f - Iskenderun's Battlesphere      Conjuration/Charms           5
Comestibles
 l - 3 fruits
 o - 3 meat rations
 p - a slice of pizza
 q - 5 bread rations


   Skills:
 - Level 2.4 Dodging
 - Level 2.4 Stealth
 + Level 0.1 Unarmed Combat
 * Level 8.0 Spellcasting
 + Level 6.8 Conjurations


You had 3 spell levels left.
You knew the following spells:

 Your Spells              Type           Power        Failure   Level  Hunger
a - Magic Dart            Conj           ####         1%          1    None
b - Searing Ray           Conj           ######       1%          2    None
c - Dazzling Spray        Conj/Hex       #####.       8%          3    None
d - Fulminant Prism       Conj/Hex       #####.....   21%         4    ###....
e - Iskenderun's Mystic   Conj           ######..     6%          4    ###....
f - Iskenderun's Battles  Conj/Chrm      #####...     63%         5    #####..


Dungeon Overview and Level Annotations

Branches:
Dungeon (5/15)
 Temple: D:4-7

Altars:
Okawaru

Shops:
D:4 [


Message History

There is a stone staircase leading up here.
Something hits you. Something shocks you.
You climb upwards.
The ogre shouts!
There is a stone staircase leading down here.
Casting: Fulminant Prism
Confirm with . or Enter, or press ? or * to list all spells.
Aiming: Searing Ray
Press: ? - help, Shift-Dir - straight line, f - ogre
Aim: an ogre, wielding a giant club You feel a surge of power!
The searing ray hits the ogre.
The ogre is lightly wounded.
The ogre misses you. Something hits you. Something shocks you.
The searing ray misses the ogre.
The ogre hits you with a giant club!
* * * LOW HITPOINT WARNING * * *
Something hits you but does no damage.
The searing ray hits the ogre.
The ogre is heavily wounded.
The ogre hits you with a giant club!
You die...

#.##...#.<....############
#....#........# ###
##.#...######.# #..
#.##### #.# #.# #.# #.#
#.# #.# #.# #.# #.#
#####.# #.# #.# #...#.#
#.# #.# #...O@# #.# #.#
#...### #.# #.# ##.##
######.# #.# #.# #.......
#.# #.# #.###.## #.# #.#
#.# #.# #.# #.# #.# #.##
#.# #.############.# #...
#.# #............#.# ####


You could see an ogre.

Vanquished Creatures
  An ogre (D:4)
  A giant frog (D:3)
  An orc priest (D:4)
  Jessica (D:2)
  Natasha (thrice) (D:2)
  4 worker ants
  Robin (D:2)
  3 adders
  An ooze (D:2)
  An adder skeleton (D:4)
  2 worms (D:2)
  2 dart slugs
  A giant gecko (D:4)
  6 orcs
  3 giant cockroaches
  13 goblins
  6 hobgoblins
  6 jackals
  6 kobolds
  A quokka (D:4)
  8 bats
  4 giant newts
  8 rats
83 creatures vanquished.

Vanquished Creatures (others)
  2 fulminant prisms (D:5)
2 creatures vanquished.

Grand Total: 85 creatures vanquished

Notes
Turn   | Place    | Note
-------+----------+-------------------------------------------
     0 | D:1      | poirepourri the Deep Elf Conjurer began the quest for the Orb.
     0 | D:1      | Reached XP level 1. HP: 10/10 MP: 6/6
   177 | D:1      | Reached XP level 2. HP: 13/15 MP: 1/8
   236 | D:1      | Reached skill level 5 in Conjurations
   690 | D:1      | Learned a level 2 spell: Searing Ray
   845 | D:2      | Reached XP level 3. HP: 19/19 MP: 5/9
  1012 | D:2      | Noticed Robin
  1041 | D:2      | Killed Robin
  1079 | D:2      | Reached skill level 4 in Spellcasting
  1153 | D:2      | Reached XP level 4. HP: 24/24 MP: 8/12
  1362 | D:2      | Noticed Jessica
  1364 | D:2      | Killed Jessica
  1740 | D:2      | Noticed Natasha
  1749 | D:2      | Learned a level 3 spell: Dazzling Spray
  1754 | D:2      | Learned a level 4 spell: Fulminant Prism
  1761 | D:2      | Killed Natasha
  1761 | D:2      | Reached skill level 5 in Spellcasting
  1857 | D:2      | Noticed Natasha
  1901 | D:2      | Killed Natasha
  1901 | D:2      | Reached XP level 5. HP: 21/28 MP: 8/14
  2002 | D:2      | Noticed Natasha
  2004 | D:2      | Killed Natasha
  2132 | D:2      | Learned a level 4 spell: Iskenderun's Mystic Blast
  2729 | D:3      | Reached skill level 6 in Spellcasting
  2935 | D:3      | Reached XP level 6. HP: 30/32 MP: 11/17
  3404 | D:4      | Found an iron altar of Okawaru.
  3442 | D:4      | Reached skill level 7 in Spellcasting
  3695 | D:4      | Learned a level 5 spell: Iskenderun's Battlesphere
  3805 | D:4      | Reached skill level 8 in Spellcasting
  3805 | D:4      | Reached XP level 7. HP: 28/36 MP: 12/20
  3902 | D:4      | Found Zifeuta's Armour Shoppe.
  4040 | D:5      | Entered Level 5 of the Dungeon
  4141 | D:4      | Slain by an ogre

Vault maps used:
D:1:      lemuel_arrival_behind_the_door_large
D:2:      lemuel_upstairs_altar, kennysheep_generic_room_10, uniq_jessica,
          uniq_natasha, uniq_robin
D:4:      lemuel_round_altar, serial_shops, kennysheep_mini, first_bread

Skill      XL: |  1  2  3  4  5  6 |
---------------+-------------------+-----
Conjurations   | 5 6 |  6.8
Spellcasting   | 4 5 6 8 |  8.0
Dodging        | |  2.4
Stealth        | |  2.4
Unarmed Combat | |  0.1

Action                   |  1- 3 |  4- 6 |  7- 9 || total
-------------------------+-------+-------+-------++-------
Melee: Unarmed           |     5 |       |       ||     5
       Short sword       |     2 |       |       ||     2
 Cast: Magic Dart        |    73 |    77 |     2 ||   152
       Searing Ray       |       |    13 |     1 ||    14
       Fulminant Prism   |       |       |     2 ||     2
  Use: Potion            |     2 |       |       ||     2
       Scroll            |     7 |     6 |       ||    13
  Eat: Bread ration      |     1 |     1 |       ||     2
       Beef jerky        |       |       |     1 ||     1
Armor: Robe              |     9 |     2 |     1 ||    12
Dodge: Dodged            |    29 |     7 |     1 ||    37
